 Dungeon Crawl Stone Soup version 0.22-a0-422-g9628fc8 (webtiles) character file.

12813 Gildeon the Severer (level 11, -3/99 HPs)
             Began as a Minotaur Fighter on May 15, 2018.
             Was an Elder of Trog.
             Slain by a four-headed hydra (4 damage)
             ... on level 1 of the Lair of Beasts on May 17, 2018.
             The game lasted 00:44:18 (10544 turns).

Gildeon the Severer (Minotaur Fighter)             Turns: 10544, Time: 00:44:18

Health: -3/99      AC: 17    Str: 25    XL:     11   Next: 67%
Magic:  13/13      EV:  2    Int:  7    God:    Trog [****..]
Gold:   712        SH:  0    Dex: 14    Spells: 10/10 levels left

rFire    . . .     SeeInvis +   e - +0 spear (flame)
rCold    . . .     Gourm    .   (no shield)
rNeg     + + +     Faith    .   v - +0 plate armour
rPois    ∞         Spirit   .   (helmet unavailable)
rElec    .         Reflect  .   p - +1 cloak
rCorr    .         Harm     .   n - +2 pair of gloves
MR       .....     Clarity  +   (no boots)
Stlth    ..........             (no amulet)
HPRegen  0.26/turn              r - ring of see invisible
MPRegen  0.13/turn              (no ring)

@: mighty, lethally poisoned (-3 -> -3), petrified
A: retaliatory headbutt, horns 3, thin skeletal structure 1, blurry vision 1,
clarity, sturdy frame 1
a: Berserk, Trog's Hand, Brothers in Arms, Renounce Religion


You were on level 1 of the Lair of Beasts.
You worshipped Trog.
Trog was greatly pleased with you.
You were not hungry.

You visited 2 branches of the dungeon, and saw 12 of its levels.
You also visited: Sewer.

You collected 712 gold pieces.

Inventory:

Hand Weapons
 a - a +1 war axe of electrocution
 b - a +0 shortbow
 e - a +0 spear of flaming (weapon)
Missiles
 h - 200 arrows
Armour
 m - a +2 scale mail of cold resistance
 n - a +2 pair of gloves (worn)
 p - a +1 cloak (worn)
 v - a +0 plate armour (worn)
Jewellery
 c - an uncursed ring of ice
 r - a ring of see invisible (left hand)
Wands
 k - a wand of paralysis (16)
 u - a wand of iceblast (5)
Scrolls
 i - 2 scrolls of teleportation
 l - 8 scrolls of identify
 q - 7 scrolls of remove curse
Potions
 g - a potion of cancellation
 j - 4 potions of curing
 t - a potion of flight
Comestibles
 f - 20 rations


   Skills:
 - Level 10.0 Fighting
 + Level 16.1 Axes
 - Level 5.0 Bows
 - Level 5.1 Armour
 - Level 5.6 Dodging
   Level 3.6 Shields
 - Level 5.0 Evocations


You had 10 spell levels left.
You didn't know any spells.
Your spell library was empty.

Dungeon Overview and Level Annotations

Branches:
Dungeon (10/15)            Temple (0/1) D:6            Lair (2/6) D:9
  Swamp (0/4) Lair:2
  Snake: Lair:2-4    Spider: Lair:2-4       Orc: D:9-12

Altars:
Ashenzari
Cheibriados
Sif Muna
Trog
Zin

Shops:
D:7 ?*}([


Innate Abilities, Weirdness & Mutations

You reflexively headbutt those who attack you in melee.
You have a pair of large horns on your head.
You have a somewhat thin skeletal structure. (Dex +2, Stealth)
Scrolls take you a little longer to read.
You possess an exceptional clarity of mind.
Your movements are slightly less encumbered by armour. (ER -2)


Message History

* * * LOW HITPOINT WARNING * * *
The four-headed hydra bites you but does no damage.
The four-headed hydra bites you.
* * * LOW HITPOINT WARNING * * *
The four-headed hydra bites you but does no damage.
The yak gores you but does no damage. The basilisk bites you!
* * * LOW HITPOINT WARNING * * *
The worker ant bites you but does no damage.
The spiny frog stings you.
* * * LOW HITPOINT WARNING * * *
The four-headed hydra bites you but does no damage. x2
The four-headed hydra bites you!
* * * LOW HITPOINT WARNING * * *
The four-headed hydra bites you. The yak gores you but does no damage.
The basilisk bites you but does no damage.
The worker ant bites you but does no damage.
The spiny frog stings you!
* * * LOW HITPOINT WARNING * * *
The four-headed hydra bites you!
You die...

#.# #.# #.# ##.# #.# #.# #.# ##.#
#.# ##.# ##.# #P.# #.# #..# #..#
#..# ###.## #..### #..# ##.###
.##..########.#.####.####....####
.................................
####.......####PFa........####..#
#.......## ##@Y........# ##.P
##........# #lD........## #.# #
#P.......## #...........# #.#
####......(#####..........#####.#
.................................
###..#####..#####..#.#..##.#..###
##.# ##..# #.#####.#####.# #..#
#.## #.# ##.# #.## ##.# ##.# #.#
#..# #..#


You could see a four-headed hydra, a yak, a spiny frog, a basilisk and a worker
ant.

Vanquished Creatures
  Fannar (Lair:1)
  4 two-headed ogres
  Pikel (D:6)
  Maurice (D:9)
  A black mamba (Lair:1)
  A komodo dragon (D:9)
  2 spiny frogs (Lair:1)
  2 rime drakes (Lair:1)
  4 hippogriffs
  Sigmund (D:6)
  A wyvern (D:7)
  6 yaks (D:9)
  A basilisk (Lair:2)
  A hungry ghost (D:6)
  A water moccasin (D:7)
  3 ice beasts
  2 orc warriors
  A slave (D:6)
  2 phantoms
  3 sky beasts
  A black bear (D:9)
  6 wolves (Lair:1)
  4 ogres
  5 centaurs
  4 crocodiles
  3 big kobolds (Sewer)
  3 bullfrogs
  A scorpion (D:4)
  A howler monkey (D:4)
  3 wights (D:6)
  3 crimson imps
  A centaur zombie (D:5)
  3 bullfrog zombies
  2 hounds
  2 jellies (D:9)
  4 orc priests
  A centaur skeleton (D:9)
  3 bullfrog skeletons
  5 iguanas
  Terence (D:3)
  Natasha (thrice) (D:2)
  11 orc wizards
  10 worker ants
  A hound zombie (D:8)
  A hound skeleton (D:6)
  2 worker ant zombies (D:8)
  10 river rats
  11 adders
  4 shadow imps
  2 oozes
  2 adder skeletons
  2 worms (D:2)
  2 dart slugs
  4 leopard geckos
  27 orcs
  2 ball pythons (Sewer)
  4 giant cockroaches
  2 hobgoblins
  19 jackals
  22 kobolds
  3 quokkas
  7 bats (D:1)
  8 frilled lizards
  5 goblins
  A leopard gecko skeleton (D:5)
  2 quokka skeletons
  A quokka zombie (D:8)
  33 rats
  A fungus (Lair:1)
  3 plants (D:9)
300 creatures vanquished.

Vanquished Creatures (others)
  A centaur (D:6)
  A worker ant (D:6)
  4 orcs (D:6)
  A jackal (D:6)
  3 plants (D:9)
10 creatures vanquished.

Grand Total: 310 creatures vanquished

Notes
Turn   | Place    | Note
-------+----------+-------------------------------------------
     0 | D:1      | Gildeon the Minotaur Fighter began the quest for the Orb.
     0 | D:1      | Reached XP level 1. HP: 19/19 MP: 0/0
    90 | D:1      | Reached skill level 3 in Axes
   257 | D:1      | Reached XP level 2. HP: 26/27 MP: 1/1
   542 | D:1      | Gained mutation: You are surrounded by a mild repulsion field. (EV +2) [potion of mutation]
   542 | D:1      | Gained mutation: Your system is resistant to poisons. (rPois) [potion of mutation]
   703 | D:1      | Reached skill level 4 in Axes
   729 | D:1      | Reached XP level 3. HP: 33/33 MP: 2/2
  1140 | D:2      | Lost mutation: Your system is resistant to poisons. (rPois) [potion of mutation]
  1140 | D:2      | Gained mutation: You are covered in fur. (AC +1) [potion of mutation]
  1140 | D:2      | Gained mutation: Your spells are a little harder to cast, but a little more powerful. [potion of mutation]
  1140 | D:2      | Gained mutation: Your muscles are strong. (Str +2) [potion of mutation]
  1140 | D:2      | Gained mutation: Your mind is acute. (Int +2) [potion of mutation]
  1284 | D:2      | Noticed Natasha
  1288 | D:2      | Killed Natasha
  1288 | D:2      | Reached skill level 5 in Axes
  1288 | D:2      | Reached XP level 4. HP: 39/40 MP: 3/3
  1313 | D:2      | Noticed Natasha
  1321 | D:2      | Killed Natasha
  1415 | D:2      | Noticed Natasha
  1420 | D:2      | Killed Natasha
  1420 | D:2      | Reached skill level 6 in Axes
  1420 | D:2      | Reached XP level 5. HP: 45/46 MP: 4/4
  1738 | D:3      | Noticed a phantom
  1746 | D:3      | Killed a phantom
  1746 | D:3      | Reached skill level 7 in Axes
  2035 | D:3      | Noticed Terence
  2042 | D:3      | Killed Terence
  2042 | D:3      | Reached XP level 6. HP: 52/52 MP: 5/5
  2388 | D:3      | Lost mutation: Your mind is acute. (Int +2) [potion of mutation]
  2388 | D:3      | Lost mutation: Your muscles are strong. (Str +2) [potion of mutation]
  2388 | D:3      | Gained mutation: You are partially covered in molten scales. (AC +2) [potion of mutation]
  2388 | D:3      | Gained mutation: You are frail. (-10% HP) [potion of mutation]
  2388 | D:3      | Lost mutation: You are frail. (-10% HP) [potion of mutation]
  2388 | D:3      | Gained mutation: You are agile. (Dex +2) [potion of mutation]
  2536 | D:4      | Found a deep blue altar of Sif Muna.
  2617 | D:4      | Lost mutation: Your spells are a little harder to cast, but a little more powerful. [potion of mutation]
  2617 | D:4      | Lost mutation: You are covered in fur. (AC +1) [potion of mutation]
  2617 | D:4      | Gained mutation: Your system is resistant to poisons. (rPois) [potion of mutation]
  2617 | D:4      | Gained mutation: You possess an exceptional clarity of mind. [potion of mutation]
  2617 | D:4      | Gained mutation: You are robust. (+10% HP) [potion of mutation]
  2701 | D:4      | Reached skill level 8 in Axes
  2895 | D:4      | Reached skill level 9 in Axes
  2964 | D:4      | Reached XP level 7. HP: 63/63 MP: 6/6
  3146 | D:5      | Entered Level 5 of the Dungeon
  3167 | D:5      | Found a glowing silver altar of Zin.
  3221 | D:5      | Reached skill level 10 in Axes
  3251 | D:5      | Found a bloodstained altar of Trog.
  3259 | D:5      | Became a worshipper of Trog the Wrathful
  3735 | D:5      | Reached skill level 11 in Axes
  3989 | D:6      | Noticed Pikel
  4001 | D:6      | Killed Pikel
  4001 | D:6      | Reached skill level 12 in Axes
  4001 | D:6      | Reached XP level 8. HP: 62/72 MP: 7/7
  4164 | D:6      | Noticed a two-headed ogre
  4175 | D:6      | Killed a two-headed ogre
  4175 | D:6      | Reached skill level 13 in Axes
  4175 | D:6      | Reached XP level 9. HP: 32/78 MP: 8/8
  4311 | D:6      | Reached skill level 14 in Axes
  4420 | D:6      | Reached * piety under Trog
  4444 | D:6      | Found a glowing drain.
  4456 | Sewer    | Entered a sewer
  4706 | Sewer    | Reached ** piety under Trog
  4814 | Sewer    | Reached skill level 15 in Axes
  5467 | D:6      | Noticed Sigmund
  5478 | D:6      | Killed Sigmund
  5478 | D:6      | Reached skill level 5 in Fighting
  5575 | D:6      | Found a staircase to the Ecumenical Temple.
  5688 | D:7      | Found Jadaes's Armour Boutique.
  5727 | D:7      | Found Itymad's Gadget Shoppe.
  5769 | D:7      | Found Lifag's Assorted Antiques.
  5807 | D:7      | Reached *** piety under Trog
  5851 | D:7      | Found Zoth's Magic Scroll Emporium.
  5893 | D:7      | Reached XP level 10. HP: 66/91 MP: 9/9
  6097 | D:7      | Found Vagh's Antique Weapon Emporium.
  6277 | D:7      | Reached skill level 5 in Bows
  6534 | D:8      | Found a shattered altar of Ashenzari.
  6565 | D:8      | You fall through a shaft for 2 floors!
  6565 | D:10     | Entered Level 10 of the Dungeon
  6663 | D:10     | Lost mutation: You are agile. (Dex +2) [potion of mutation]
  6663 | D:10     | Lost mutation: You are surrounded by a mild repulsion field. (EV +2) [potion of mutation]
  6663 | D:10     | Lost mutation: Your system is resistant to poisons. (rPois) [potion of mutation]
  6663 | D:10     | Gained mutation: You have a pair of large horns on your head. [potion of mutation]
  6663 | D:10     | Gained mutation: You are covered in fur. (AC +1) [potion of mutation]
  6664 | D:10     | Lost mutation: You have a pair of large horns on your head. [potion of mutation]
  6664 | D:10     | Lost mutation: You are partially covered in molten scales. (AC +2) [potion of mutation]
  6664 | D:10     | Lost mutation: You are covered in fur. (AC +1) [potion of mutation]
  6664 | D:10     | Gained mutation: Your movements are slightly less encumbered by armour. (ER -2) [potion of mutation]
  6664 | D:10     | Gained mutation: You have a pair of large horns on your head. [potion of mutation]
  6664 | D:10     | Gained mutation: You are agile. (Dex +2) [potion of mutation]
  6665 | D:10     | Lost mutation: You are robust. (+10% HP) [potion of mutation]
  6665 | D:10     | Lost mutation: You are agile. (Dex +2) [potion of mutation]
  6665 | D:10     | Gained mutation: Scrolls take you a little longer to read. [potion of mutation]
  6665 | D:10     | Gained mutation: You have a somewhat thin skeletal structure. (Dex +2, Stealth) [potion of mutation]
  6717 | D:9      | Reached skill level 5 in Armour
  6975 | D:8      | Reached **** piety under Trog
  7190 | D:8      | Upgraded the game from 0.22-a0-419-g492bfec to 0.22-a0-422-g9628fc8
  7477 | D:9      | Noticed a two-headed ogre
  7487 | D:9      | Killed a two-headed ogre
  7487 | D:9      | Reached skill level 5 in Dodging
  7489 | D:9      | Reached skill level 1 in Evocations
  7624 | D:9      | Noticed a two-headed ogre
  7630 | D:9      | Noticed a two-headed ogre
  7652 | D:9      | Killed a two-headed ogre
  7655 | D:9      | Killed a two-headed ogre
  7909 | D:9      | Reached skill level 5 in Evocations
  7951 | D:9      | Reached XP level 11. HP: 82/91 MP: 13/13
  7952 | D:9      | Found a staircase to the Lair.
  8136 | D:9      | Noticed Maurice
  8145 | D:9      | Killed Maurice
  8515 | Lair:1   | Entered Level 1 of the Lair of Beasts
  8547 | Lair:1   | Reached ***** piety under Trog
  8968 | Lair:1   | Reached skill level 10 in Fighting
  9477 | Lair:1   | Noticed Fannar
  9519 | Lair:1   | Killed Fannar
  9957 | Lair:1   | Found a snail-covered altar of Cheibriados.
 10329 | Lair:2   | Found a staircase to the Swamp.
 10356 | Lair:2   | Reached skill level 16 in Axes
 10356 | Lair:2   | Noticed a four-headed hydra
 10543 | Lair:1   | HP: 1/99 [spiny frog (4)]
 10544 | Lair:1   | Slain by a four-headed hydra

Vault maps used:
D:1:      roderic_dead_forest
D:2:      uniq_natasha
D:3:      minmay_crystal_room, uniq_terence
D:4:      lemuel_crystal_altar, first_ration
D:5:      lightli_ossuary_entry_decrepit_ruins, basic_altar, trog_book
D:6:      minmay_temple_entry_poolview, portal_sewer_entry_e, uniq_pikel,
          uniq_sigmund
D:7:      serial_shops, nicolae_shop_crystal, shop_statue, shop, shop,
          shop_fountains, grunt_ogre_cave
D:8:      basic_altar
D:9:      david_lair_shrubbed, st_stairs_8, uniq_maurice
Lair:1:   lemuel_centaur_altar, uniq_fannar
Lair:2:   swamp_mist, nicolae_spider_entry_non_spiders, zaba_antful_of_joy,
          lemuel_fruit_fields
Sewer:    sewer_minmay_treatment

Skill      XL: |  1  2  3  4  5  6  7  8  9 10 11 |
---------------+----------------------------------+-----
Axes           | 3 4 5 6 7 9 12 13 15 16 | 16.1
Fighting       | 6 10 | 10.0
Bows           | 4 5 |  5.0
Armour         | 5 |  5.1
Dodging        | 5 |  5.6
Evocations     | 5 |  5.0
Shields        | |  3.6

Action                   |  1- 3 |  4- 6 |  7- 9 | 10-12 || total
-------------------------+-------+-------+-------+-------++-------
Melee: War axe           |    84 |    83 |   260 |   288 ||   715
       Headbutt          |    11 |    19 |    47 |    69 ||   146
       Spear             |       |       |       |     8 ||     8
 Fire: Shortbow          |       |       |       |   145 ||   145
Evoke: Wand              |       |       |     8 |     2 ||    10
  Use: Scroll            |     4 |     5 |     9 |     8 ||    26
       Potion            |     2 |     4 |     3 |    11 ||    20
  Eat: Chunk             |     1 |     6 |     4 |     7 ||    18
       Ration            |       |       |     2 |     2 ||     4
Armor: Scale mail        |    46 |    44 |     1 |     2 ||    93
       Chain mail        |       |       |   104 |       ||   104
       Plate armour      |       |       |    32 |   203 ||   235
       Skin              |       |       |       |     3 ||     3
Dodge: Dodged            |    63 |    60 |   124 |   141 ||   388

Table legend:
 A = Spawn XP
 B = Non-spawn XP
 C = Spawn XP percentage of total XP
 D = Spawn monster count
 E = Non-spawn monster count
 F = Spawn count percentage of total count
 G = Total turns spent on level
                    A         B        C        D         E        F      G
               +---------+---------+-------+---------+---------+-------+---------
         Total |       0 |   18305 |   0.0 |       0 |     295 |   0.0 | 10544
               +---------+---------+-------+---------+---------+-------+---------
           D:1 |       0 |      42 |   0.0 |       0 |      25 |   0.0 |  1001
           D:2 |       0 |     177 |   0.0 |       0 |      29 |   0.0 |   665
           D:3 |       0 |     195 |   0.0 |       0 |      12 |   0.0 |   870
           D:4 |       0 |     466 |   0.0 |       0 |      21 |   0.0 |   610
           D:5 |       0 |     509 |   0.0 |       0 |      15 |   0.0 |   863
           D:6 |       0 |    2746 |   0.0 |       0 |      34 |   0.0 |   980
           D:7 |       0 |    1460 |   0.0 |       0 |      29 |   0.0 |   816
           D:8 |       0 |     684 |   0.0 |       0 |      25 |   0.0 |   712
           D:9 |       0 |    6051 |   0.0 |       0 |      29 |   0.0 |  1194
          D:10 |       0 |     195 |   0.0 |       0 |       4 |   0.0 |   145
        Lair:1 |       0 |    5099 |   0.0 |       0 |      23 |   0.0 |  1989
        Lair:2 |       0 |     183 |   0.0 |       0 |       1 |   0.0 |    40
         Sewer |       0 |     498 |   0.0 |       0 |      48 |   0.0 |   659
               +---------+---------+-------+---------+---------+-------+---------
